 Dungeon Crawl Stone Soup version 0.30.1-9-gdf580d7c3d (webtiles) character file.

Game seed: 15820826775306423720

3235 Ivernyr the Cruncher (level 10, -1/68 (73) HPs)
             Began as a Formicid Fighter on Oct 5, 2023.
             Was a Believer of Wu Jian.
             Slain by a gnoll sergeant
             ... wielding a +0 trident
              (6 damage)
             ... on level 11 of the Dungeon.
             The game lasted 00:13:40 (7224 turns).

Ivernyr the Cruncher (Formicid Fighter)             Turns: 7224, Time: 00:13:40

HP:   -1/68 (73)    AC:  8    Str: 25    XL:     10   Next: 18%
MP:   10/10         EV:  9    Int:  8    God:    Wu Jian [**....]
Gold: 363           SH:  6    Dex: 19    Spells: 9/9 levels left

rFire   . . .        a - +0 quarterstaff
rCold   . . .        c - +0 buckler
rNeg    . . .        b - +0 scale mail
rPois   +            (helmet unavailable)
rElec   .            (no cloak)
rCorr   .            (no gloves)
SInv    +            h - +0 pair of boots
Will    +....        (no amulet) Stlth
                     m - ring of poison resistance
HPRegen 0.31/turn    n - +6 ring of dexterity
MPRegen 0.12/turn

%: no passive effects
@: drained
A: permanent stasis, dig shafts and tunnels, antennae 3, four strong arms
a: Dig, Shaft Self, Renounce Religion, Wall Jump


You were on level 11 of the Dungeon.
You worshipped Wu Jian.
Wu Jian was pleased with you.
You visited 1 branch of the dungeon, and saw 9 of its levels.

You collected 423 gold pieces.
You spent 60 gold pieces at shops.

Inventory:

Hand Weapons
 a - a +0 quarterstaff (weapon)
Armour
 b - a +0 scale mail (worn)
 c - a +0 buckler (worn)
 h - a +0 pair of boots (worn)
Jewellery
 m - a ring of poison resistance (left hand)
 n - a +6 ring of dexterity (right hand)
Wands
 o - a wand of quicksilver (5)
 q - a wand of roots (5)
 y - a wand of polymorph (3)
 B - a wand of charming (9)
Scrolls
 d - 2 scrolls of poison {unknown}
 e - 4 scrolls of noise {unknown}
 f - 10 scrolls of identify {unknown}
 g - 2 scrolls of magic mapping {unknown}
 i - a scroll of acquirement {unknown}
 j - 3 scrolls of fear {unknown}
 p - a scroll of immolation {unknown}
 r - 2 scrolls of teleportation {unknown}
 t - a scroll of blinking {unknown}
 A - a scroll of enchant armour {unknown}
Potions
 k - 2 potions of might
 l - 2 potions of heal wounds
 s - a potion of lignification
 u - a potion of mutation {unknown}
 v - 2 potions of berserk rage {unknown}
 w - 2 potions of curing
 x - 2 potions of invisibility
 z - a potion of degeneration {unknown}
 C - a potion of attraction {unknown}


   Skills:
 + Level 4.5 Fighting
 + Level 12.8 Staves
 + Level 4.5 Armour
 + Level 5.5 Shields


You had 9 spell levels left.
You didn't know any spells.
Your spell library contained the following spells:

 Spells                   Type           Power      Damage    Failure   Level
 Freeze                   Ice            0%         1d3       75%         1
 Sandblast                Erth           0%         2d4       75%         1
 Passwall                 Tmut/Erth      0%         N/A       87%         2
 Frozen Ramparts          Ice            0%         1d1       98%         3
 Hailstorm                Conj/Ice       0%         3d3       98%         3
 Stone Arrow              Conj/Erth      0%         3d7       98%         3
 Ice Form                 Ice/Tmut       0%         N/A       100%        4
 Simulacrum               Ice/Necr       0%         N/A       100%        6
 Ozocubu's Refrigeration  Ice            0%         4d7       100%        7
 Polar Vortex             Ice            0%         N/A       100%        9


Dungeon Overview and Level Annotations

Branches:
Dungeon (8/15)             Temple (0/1) D:5
   Lair: D:8-11

Altars:
Cheibriados
Gozag
Sif Muna
Wu Jian
Xom

Shops:
D:1 ?   D:4 (   D:5 *   D:6 ?


Innate Abilities, Weirdness & Mutations

You cannot be hasted, slowed, berserked, paralysed or teleported.
You can dig through walls and to a lower floor.
You have a pair of large antennae on your head. (SInv)
Your four strong arms can wield two-handed weapons with a shield.


Message History

You start resting.
You sense a monster nearby.
You barely miss the gnoll. The gnoll closely misses you.
You sock the gnoll!
The gnoll is heavily wounded.
The gnoll hits you but does no damage.
You sock the gnoll!
You kill the gnoll!
The Council accepts your kill.
You start resting.
A gnoll sergeant is nearby!
You sock the gnoll sergeant!
The gnoll sergeant is heavily wounded.
The gnoll sergeant barely misses you.
You hit the gnoll sergeant but do no damage.
The gnoll sergeant is heavily wounded.
The gnoll sergeant hits you with a +0 trident.
* * * LOW HITPOINT WARNING * * *
You sock the gnoll sergeant!
The gnoll sergeant is almost dead.
The gnoll sergeant hits you with a +0 trident.
* * * LOW HITPOINT WARNING * * *
The gnoll sergeant blocks your attack.
The gnoll sergeant is almost dead.
You hit the gnoll sergeant but do no damage.
The gnoll sergeant is almost dead.
The gnoll sergeant hits you with a +0 trident!
* * * LOW HITPOINT WARNING * * *
You hit the gnoll sergeant but do no damage.
The gnoll sergeant is almost dead.
The gnoll sergeant barely misses you. The gnoll sergeant blocks your attack.
The gnoll sergeant is almost dead.
The gnoll sergeant blocks your attack.
The gnoll sergeant is almost dead.
You block the gnoll sergeant's attack.
You hit the gnoll sergeant but do no damage.
The gnoll sergeant is almost dead.
The gnoll sergeant hits you with a +0 trident.
You die...

###########
#..........
####..{.......
#@#{...g.g....
##g#{...{.....
###..........
#.....#####
####.## ##


You could see a gnoll sergeant.

Vanquished Creatures
  A troll (D:8)
  Prince Ribbit (D:6)
  Sigmund (D:3)
  4 yaks (D:5)
  Duvessa (D:6)
  2 ice beasts
  A black bear (D:6)
  A centaur (D:6)
  An ogre (D:6)
  A phantom (D:5)
  A kobold brigand (D:7)
  Blork the orc (D:4)
  A gnoll sergeant (D:6)
  3 bullfrogs
  Dowan (D:6)
  5 killer bees (D:7)
  2 howler monkeys
  6 hounds
  4 orc priests
  Ijyb (D:4)
  An iguana (D:6)
  3 orc wizards (D:7)
  Robin (D:4)
  7 adders
  9 gnolls
  3 white imps
  An ufetubus (D:5)
  4 worms
  2 dart slugs
  19 orcs
  7 endoplasms
  4 giant cockroaches
  19 goblins
  8 hobgoblins
  7 jackals
  8 kobolds
  4 quokkas
  8 ball pythons
  6 bats
  4 frilled lizards
  2 rats
166 creatures vanquished.

Vanquished Creatures (others)
  A hobgoblin (D:4)
1 creature vanquished.

Grand Total: 167 creatures vanquished

Notes
Turn   | Place    | Note
-------+----------+-------------------------------------------
     0 | D:1      | Ivernyr the Formicid Fighter began the quest for the Orb.
     0 | D:1      | Reached XP level 1. HP: 18/18 MP: 1/1
   263 | D:1      | Reached XP level 2. HP: 24/24 MP: 2/2
   342 | D:1      | Reached skill level 3 in Staves
   542 | D:1      | Reached XP level 3. HP: 25/29 MP: 3/3
   633 | D:1      | Found Megacs's Magic Scroll Shoppe.
  1105 | D:2      | Reached skill level 4 in Staves
  1105 | D:2      | Reached XP level 4. HP: 35/35 MP: 4/4
  1642 | D:3      | Noticed Sigmund
  1649 | D:3      | Killed Sigmund
  1650 | D:3      | Reached skill level 6 in Staves
  1650 | D:3      | Reached XP level 5. HP: 41/41 MP: 5/5
  1650 | D:3      | Reached XP level 6. HP: 47/47 MP: 6/6
  1667 | D:3      | Found an ornate altar of the Wu Jian Council.
  1775 | D:3      | Became a worshipper of the Wu Jian Council
  2120 | D:3      | Found a shimmering blue altar of Sif Muna.
  2398 | D:4      | Noticed Robin
  2507 | D:4      | Noticed Blork the orc
  2511 | D:4      | Killed Robin
  2517 | D:4      | Killed Blork the orc
  2589 | D:4      | Reached skill level 7 in Staves
  2589 | D:4      | Reached XP level 7. HP: 52/52 MP: 7/7
  2657 | D:4      | Noticed Ijyb
  2673 | D:4      | Killed Ijyb
  2785 | D:4      | Found Ocuvoyc's Antique Weapon Shoppe.
  2872 | D:4      | Identified the +0 flail of Saroec {drain, Str+3}
  2986 | D:4      | Reached * piety under Wu Jian
  3289 | D:5      | Entered Level 5 of the Dungeon
  3355 | D:5      | Reached skill level 8 in Staves
  3401 | D:5      | Found an opulent altar of Gozag.
  3484 | D:5      | Found a snail-covered altar of Cheibriados.
  3503 | D:5      | Noticed a yak
  3503 | D:5      | Noticed a yak
  3503 | D:5      | Noticed a yak
  3508 | D:5      | Noticed a yak
  3539 | D:5      | Killed a yak
  3540 | D:5      | Reached skill level 9 in Staves
  3540 | D:5      | Reached XP level 8. HP: 19/58 MP: 8/8
  3543 | D:5      | Killed a yak
  3547 | D:5      | HP: 1/87 [yak (8)]
  3560 | D:5      | HP: 2/87 [yak (8)]
  3562 | D:5      | Killed a yak
  3773 | D:5      | Killed a yak
  3774 | D:5      | Reached skill level 10 in Staves
  4105 | D:5      | Found Isuroip's General Store.
  4113 | D:5      | Bought a potion of heal wounds for 60 gold pieces
  4151 | D:5      | Found a staircase to the Ecumenical Temple.
  4265 | D:6      | Reached ** piety under Wu Jian
  4266 | D:6      | Reached XP level 9. HP: 63/64 MP: 9/9
  4289 | D:6      | Noticed Prince Ribbit
  4296 | D:6      | Killed Prince Ribbit
  4297 | D:6      | Reached skill level 11 in Staves
  4643 | D:6      | Noticed Duvessa
  4643 | D:6      | Noticed Dowan
  4861 | D:6      | Killed Duvessa
  4862 | D:6      | Reached skill level 12 in Staves
  4870 | D:6      | Killed Dowan
  5144 | D:6      | Found The Oracle's Delphic Readings.
  6077 | D:7      | Reached XP level 10. HP: 60/71 MP: 10/10
  6181 | D:7      | Found a shimmering altar of Xom.
  6275 | D:7      | Reached skill level 5 in Shields
  6657 | D:7      | Found a shimmering altar of Xom.
  6658 | D:7      | Found a shimmering altar of Xom.
  6658 | D:7      | Found a shimmering altar of Xom.
  6659 | D:7      | Found a shimmering altar of Xom.
  6659 | D:7      | Found a shimmering altar of Xom.
  6972 | D:7      | Found a shimmering altar of Xom.
  7188 | D:8      | You fall into a shaft and drop 3 floors!
  7224 | D:11     | Slain by a gnoll sergeant

Illustrated notes

Levels and vault maps discovered:
D:1:      dpeg_arrival_rooms_with_view, layout_basic, serial_shops,
          nicolae_shop_rolled_up
D:2:      layout_loops_cross, serial_glass, glass_columns_a, glass_columns_a
D:3:      layout_loops_corners, mainiacjoe_overflow_alcove_4,
          mainiacjoe_overflow_brackets, grunt_ministairs_2, st_stairs_10,
          uniq_sigmund
D:4:      layout_rooms, serial_shops, nicolae_shop_tiny_glass,
          kennysheep_generic_room_12, uniq_ijyb, uniq_robin, uniq_blork_the_orc
D:5:      layout_rooms, grunt_gozag_statues, kennysheep_slug_shrine,
          minmay_temple_entry_trees, serial_shops, shop
D:6:      layout_loops_ring, nicolae_nh_oracle_at_delphi, uniq_prince_ribbit1,
          uniq_duvessa
D:7:      layout_basic, xom_redecorated, minmay_misc_feat_rugged
D:8:      cheibrodos_wizards_tower, layout_basic, nemelex_diamond_rough_becter,
          general_overflow_altar, gammafunk_ghost_split, uniq_grum, uniq_maggie,
          uniq_joseph
D:11:     layout_roguey [special_room_orc], mrwooster_statue_mirror,
          kennysheep_nondescript, nrook_uturn

Skill      XL: |  1  2  3  4  5  6  7  8  9 10 |
---------------+-------------------------------+-----
Staves         | 3 4 6 7 9 10 12 | 12.8
Fighting       | 4 |  4.5
Armour         | 4 |  4.5
Shields        | 5 |  5.5

Action                     |  1- 3 |  4- 6 |  7- 9 | 10-12 || total
---------------------------+-------+-------+-------+-------++-------
  Melee: Quarterstaff      |    83 |   112 |   360 |    91 ||   646
         Unarmed           |       |       |     7 |       ||     7
Ability: Lunge             |       |     6 |    17 |    13 ||    36
         Whirlwind         |       |       |     1 |     1 ||     2
         Dig               |       |       |       |     2 ||     2
         Shaft Self        |       |       |       |     1 ||     1
    Use: Potion            |       |     1 |     3 |       ||     4
 Armour: Scale mail        |    42 |    63 |    89 |    18 ||   212
         Skin              |       |       |     8 |       ||     8
  Dodge: Dodged            |    45 |    47 |   103 |    24 ||   219
  Block: Buckler           |    18 |    38 |    63 |    21 ||   140
